 Dungeon Sprint DCSS version 0.27-a0-1196-g3e9cee4cb2 (webtiles) character file.

Game seed: 9821148921097249561

1386 mhtbhm the Earth Mage (level 8, -5/48 HPs)
             Began as a Gargoyle Earth Elementalist on May 28, 2021.
             Was a Believer of Vehumet.
             Shot with an arrow by a centaur warrior (11 damage)
             ... in the Dungeon (Sprint IX: "|||||||||||||||||||||||||||||").
             The game lasted 00:02:10 (1206 turns).

mhtbhm the Earth Mage (Gargoyle Earth Elementalist) Turns: 1206, Time: 00:02:10

Health: -5/48      AC: 11    Str: 11    XL:     8   Next: 67%
Magic:  2/22       EV: 13    Int: 22    God:    Vehumet [**....]
Gold:   0          SH:  0    Dex: 13    Spells: 16/27 levels left

rFire    . . .     SeeInvis .   a - +2 morningstar (protect)
rCold    . . .     Faith    .   (no shield)
rNeg     + . .     Spirit   .   c - +0 steam dragon scales
rPois    ∞         Reflect  .   (no helmet)
rElec    +         Harm     .   (no cloak)
rCorr    .         Rampage  .   m - +0 pair of gloves
Will     .....     NoTele   +   (no boots)
Stlth    +++.......             (no amulet)
HPRegen  0.16/turn              n - +3 ring of dexterity
MPRegen  0.18/turn              o - +3 ring of intelligence

@: no status effects
A: sickness immunity, AC +5, negative energy resistance 1, electricity
resistance, torment resistance 1, petrification resistance
a: Renounce Religion


You were in the Dungeon.
You worshipped Vehumet.
Vehumet was pleased with you.
You visited 1 branch

Inventory:

Hand Weapons
 a - a +2 morningstar of protection (weapon)
Missiles
 b - 8 stones
Armour
 c - +0 steam dragon scales (worn)
 m - a +0 pair of gloves (worn)
Jewellery
 n - a +3 ring of dexterity (left hand)
 o - a +3 ring of intelligence (right hand)
Wands
 l - a wand of acid (10)
Scrolls
 i - 2 scrolls of blinking
 k - 2 scrolls of amnesia
Potions
 d - a potion of invisibility
 e - 2 potions of heal wounds
 f - a potion of haste
 g - 2 potions of magic
 h - a potion of berserk rage
 j - 4 potions of curing


   Skills:
 + Level 3.7 Fighting
 + Level 4.7 Dodging
 + Level 5.1 Stealth
 + Level 10.3 Spellcasting
 + Level 1.0 Transmutations
 + Level 15.2 Earth Magic


You had 16 spell levels left.
You knew the following spells:

 Your Spells              Type           Power      Damage    Failure   Level
a - Sandblast             Erth           100%       2d20      0%          1
b - Passwall              Tmut/Erth      39%        N/A       1%          2
c - Stone Arrow           Conj/Erth      88%        3d12      1%          3
d - Lee's Rapid Deconstr  Erth           34%        3d18*     1%          5

Your spell library contained the following spells:

 Spells                   Type           Power      Damage    Failure   Level
 Foxfire                  Conj/Fire      44%        2x1d6     6%          1
 Petrify                  Tmut/Erth      47%        N/A       1%          4


Dungeon Overview and Level Annotations

Branches:
Dungeon (1/1)

Altars:
Cheibriados
Dithmenos
Elyvilon
Fedhas
Gozag
Hepliaklqana
Kikubaaqudgha
Makhleb
Nemelex Xobeh
Okawaru
Qazlal
Ru
Sif Muna
Trog
Uskayaw
Vehumet
Wu Jian
Xom
Yredelemnul
Zin
The Shining One
Beogh
Jiyva
Lugonu


Innate Abilities, Weirdness & Mutations

You are immune to sickness and miasma.
Your stone body is resilient. (AC +5)
You are immune to poison.
You resist negative energy. (rN+)
You are resistant to electric shocks. (rElec)
You are resistant to unholy torment.
You are immune to petrification.


Message History

Press: ? - help, Dir - move target, f - centaur warrior Fragment what (e.g. wall or brittle monster)?: a centaur warrior, quivering arrows (moderately wounded)
An open door.
The stone door frame shatters!
The blast of rock fragments hits the centaur warrior!!
The centaur warrior is severely wounded.
The blast of rock fragments hits the slime creature!!
You kill the slime creature!
Vehumet accepts your kill.
The centaur warrior wields a +0 shortbow.
The centaur warrior shoots an arrow.
The arrow closely misses you.
The deep elf pyromancer gestures wildly while chanting.
Your Spellcasting skill increases to level 10!
Your Earth Magic skill increases to level 15!
Unknown command.
Casting: Lee's Rapid Deconstruction (dangerous; 1% risk of failure)
Confirm with . or Enter, or press ? or * to list all spells.
Aiming: Stone Arrow (safe; 1% risk of failure)
Press: ? - help, Shift-Dir - straight line, f/p - centaur warrior
Aim: a centaur warrior, wielding a +0 shortbow and quivering arrows (severely wounded, 82% to hit)
The stone arrow misses the centaur warrior.
The stone arrow hits the fire elemental!!
The fire elemental is heavily damaged.
The centaur warrior shoots an arrow.
The arrow hits you!
The orc wizard points at itself and mumbles some strange words.
The orc wizard flickers and vanishes!
Deactivating autopickup; reactivate with Ctrl-A.
The centaur warrior shoots an arrow.
The arrow hits you!!
Ouch! That really hurt!
* * * LOW HITPOINT WARNING * * *
Unknown command.
Casting: Stone Arrow (safe; 1% risk of failure)
Confirm with . or Enter, or press ? or * to list all spells.
Aiming: Sandblast (safe; 0% risk of failure)
Press: ? - help, Shift-Dir - straight line, f/p - centaur warrior
Aim: a centaur warrior, wielding a +0 shortbow and quivering arrows (severely wounded, 88% to hit)
The blast of sand hits the centaur warrior!
The centaur warrior is almost dead.
The centaur warrior shoots an arrow.
The arrow hits you!
You die...

▓.▓
▓{▓
▓c▓
▓e▓
▓°▓
▓E▓
▓c▓
▓.▓
▓@▓
▓.▓
▓.▓
▓.▓
▓.▓
▓[▓
▓)▓
▓.▓
▓[▓


You could see 2 centaur warriors, a deep elf pyromancer and a fire elemental
(summoned).

Vanquished Creatures
  A gargoyle (D)
  A slime creature (D)
  A yak (D)
  2 wraiths (D)
  A steam dragon (D)
  A vampire mosquito (D)
  A water moccasin (D)
  A centaur (D)
  An adder (D)
  A worm (D)
  A dart slug (D)
  An orc (D)
  2 endoplasms (D)
  A jackal (D)
  A kobold (D)
  A ball python zombie (D)
18 creatures vanquished.

Notes
Turn   | Place    | Note
-------+----------+-------------------------------------------
     0 | D        | mhtbhm the Gargoyle Earth Elementalist began the quest for
                  | the Orb.
     0 | D        | Reached XP level 1. HP: 10/10 MP: 3/3
     5 | D        | Reached skill level 4 in Earth Magic
   134 | D        | Reached XP level 2. HP: 15/15 MP: 0/5
   208 | D        | Noticed a water moccasin
   210 | D        | Reached skill level 5 in Earth Magic
   222 | D        | Reached XP level 3. HP: 9/19 MP: 0/7
   234 | D        | Killed a water moccasin
   235 | D        | Reached skill level 1 in Fighting
   235 | D        | Reached skill level 1 in Transmutations
   235 | D        | Reached skill level 9 in Earth Magic
   235 | D        | Reached XP level 4. HP: 8/25 MP: 4/10
   235 | D        | Reached XP level 5. HP: 9/29 MP: 4/12
   456 | D        | Learned a level 2 spell: Passwall
   460 | D        | Learned a level 3 spell: Stone Arrow
   466 | D        | Learned a level 5 spell: Lee's Rapid Deconstruction
   481 | D        | Found a snail-covered altar of Cheibriados.
   481 | D        | Found a shadowy altar of Dithmenos.
   481 | D        | Found a white marble altar of Elyvilon.
   481 | D        | Found a blossoming altar of Fedhas.
   481 | D        | Found an opulent altar of Gozag.
   482 | D        | Found a hazy altar of Hepliaklqana.
   483 | D        | Found a viscous altar of Jiyva.
   484 | D        | Found an ancient bone altar of Kikubaaqudgha.
   485 | D        | Found a corrupted altar of Lugonu.
   486 | D        | Found a burning altar of Makhleb.
   487 | D        | Found a sparkling altar of Nemelex Xobeh.
   488 | D        | Found an iron altar of Okawaru.
   489 | D        | Found a stormy altar of Qazlal.
   490 | D        | Found a sacrificial altar of Ru.
   491 | D        | Found a shimmering blue altar of Sif Muna.
   492 | D        | Found a bloodstained altar of Trog.
   493 | D        | Found a hide-covered altar of Uskayaw.
   494 | D        | Found a radiant altar of Vehumet.
   495 | D        | Found an ornate altar of the Wu Jian Council.
   496 | D        | Found a shimmering altar of Xom.
   497 | D        | Found a basalt altar of Yredelemnul.
   498 | D        | Found a glowing silver altar of Zin.
   499 | D        | Found a glowing golden altar of the Shining One.
   504 | D        | Became a worshipper of Vehumet
   537 | D        | Noticed a centaur
   537 | D        | Noticed a wraith
   537 | D        | Noticed a yak
   537 | D        | Noticed a gargoyle
   537 | D        | Noticed a steam dragon
   537 | D        | Noticed a wraith
   543 | D        | Killed a steam dragon
   543 | D        | Killed a wraith
   544 | D        | Reached skill level 12 in Earth Magic
   544 | D        | Reached XP level 6. HP: 31/36 MP: 8/16
   545 | D        | Killed a gargoyle
   545 | D        | Reached * piety under Vehumet
   545 | D        | Offered knowledge of Magic Dart by Vehumet.
   546 | D        | Reached skill level 13 in Earth Magic
   546 | D        | Reached XP level 7. HP: 35/41 MP: 3/19
   844 | D        | Killed a yak
   845 | D        | Reached skill level 14 in Earth Magic
   845 | D        | Reached XP level 8. HP: 46/46 MP: 15/21
   850 | D        | Killed a wraith
   851 | D        | Reached skill level 5 in Stealth
   925 | D        | Reached ** piety under Vehumet
   925 | D        | Offered knowledge of Foxfire by Vehumet.
  1200 | D        | Noticed a centaur warrior
  1200 | D        | Noticed a deep elf pyromancer
  1200 | D        | Noticed a centaur warrior
  1200 | D        | Noticed a slime creature
  1204 | D        | Killed a slime creature
  1205 | D        | Reached skill level 10 in Spellcasting
  1205 | D        | Reached skill level 15 in Earth Magic
  1206 | D        | Shot with an arrow by a centaur warrior

Illustrated notes

Levels and vault maps discovered:
D:        linesprint [early_d, line_temple, items_1, d_10, items_2, lair_1,
          lair_end, items_3, orc_1, orc_end, items_4, d_15, swamp_1, shoals_1,
          snake_1, spider_1, d_20, vaults_1, items_5, swamp_end, shoals_end,
          snake_end, spider_end, vaults_end, d_27, items_6, zot_1, zot_end,
          crypt_end, forest_end, elf_end, slime_end, tomb_end, abyss_end,
          pan_hell_end]

Skill      XL: |  1  2  3  4  5  6  7  8 |
---------------+-------------------------+-----
Earth Magic    | 4 5 9 12 13 14 15 | 15.2
Stealth        | 3 4 5 |  5.1
Dodging        | 2 3 4 |  4.7
Spellcasting   | 3 4 7 8 9 10 | 10.3
Fighting       | 1 2 3 |  3.7
Transmutations | 1 |  1.0

Action                   |  1- 3 |  4- 6 |  7- 9 || total
-------------------------+-------+-------+-------++-------
Melee: Whip              |     4 |       |       ||     4
 Cast: Sandblast         |    16 |     1 |     5 ||    22
       Lee's Rapid Decon |       |     4 |     3 ||     7
       Stone Arrow       |       |       |     5 ||     5
  Use: Potion            |     3 |     1 |       ||     4
Armor: Robe              |    10 |     1 |       ||    11
Dodge: Dodged            |    10 |     1 |     2 ||    13

Table legend: (Time is in decaauts)
 A = Elapsed time spent in this place.
 B = Non-inter-level travel time spent in this place.
 C = Inter-level travel time spent in this place.
 D = Time resting spent in this place.
 E = Time spent auto-exploring this place.
 F = Levels seen in this place.
 G = Mean time per level.
                   A        B        C        D        E       F      G
               +--------+--------+--------+--------+--------+-----+--------+
         Total |   1204 |   1204 |      0 |    936 |     38 |   1 | 1204.0 |
       Dungeon |   1204 |   1204 |      0 |    936 |     38 |   1 | 1204.0 |
               +--------+--------+--------+--------+--------+-----+--------+

Top non-repeatable levels by time:
       D: 1204 daAuts
